 Dungeon Crawl Stone Soup version bcrawl-1.38.3 (webtiles) character file.

Game seed: 14086992291130731792

114803 mrsnowman the Sneak (level 2, -3/19 HPs)
             Began as an Octopode Rogue on May 13, 2023.
             Slain by a leopard gecko (5 damage)
             ... on level 1 of the Dungeon.
             The game lasted 00:02:44 (274 turns).

mrsnowman the Sneak (Octopode Rogue)                 Turns: 274, Time: 00:02:44

Health: -3/19      AC:  1    Str: 10    XL:     2   Next: 37%
Magic:  3/3        EV: 12    Int: 13    God:
Gold:   7          SH:  0    Dex: 13    Spells: 2/2 levels left

rFire    . . .     GDR:     25% b - +0 blowgun
rCold    . . .     SeeInvis .   (no shield)
rNeg     . . .     Gourm    .   (helmet restricted)
rPois    .         Faith    .   (cloak restricted)
rElec    .         Spirit   .   (no amulet)
rCorr    .         Reflect  .   (no ring)
MR       .....                  (no ring)
Stlth    ++++......             (no ring)
HPRegen  0.13/turn              (no ring)
MPRegen  0.08/turn              (no ring)
                                (no ring)
                                (no ring)
                                (no ring)

@: no status effects
A: almost no armour, stealthy swim, resist paralysis, amphibious, 8 rings,
constrict 8, camouflage 1, gelatinous body 1
a: no special abilities


You were on level 1 of the Dungeon.
You were not hungry.

You visited 1 branch of the dungeon, and saw 1 of its levels.

You collected 7 gold pieces.

Inventory:

Hand Weapons
 a - a +2 dagger
 b - a +0 blowgun (weapon)
Missiles
 c - 62 poisoned needles (quivered)
Wands
 d - a wand of flame (15)
 f - a wand of charming (15)
Comestibles
 e - a ration {!d}


   Skills:
 + Level 2.2 Fighting
 - Level 2.0 Short Blades
 + Level 0.9 Dodging
 - Level 6.0 Stealth
 + Level 0.6 Spellcasting
 - Level 2.1 Evocations


You had 2 spell levels left.
You didn't know any spells.
Your spell library was empty.

Dungeon Overview and Level Annotations

Branches:
Dungeon (1/12)

Altars:


Innate Abilities, Weirdness & Mutations

You cannot wear most types of armour.
You are very stealthy in the water. (Stealth+)
Your unusual nervous system resists paralysis.
You are amphibious.
You can wear up to eight rings at the same time.
You can use your tentacles to constrict eight enemies at once.
Your skin changes colour to match your surroundings (Stealth+).
Your rubbery body absorbs attacks. (AC +1, EV +1)


Message History

The giant cockroach bites you but does no damage.
The kobold hits you with a +0 falchion.
You hit the giant cockroach. Your grab misses the giant cockroach.
The giant cockroach is heavily wounded.
The giant cockroach closely misses you. The kobold hits you with a +0 falchion!
* * * LOW HITPOINT WARNING * * *
You hit the giant cockroach. Your grab misses the giant cockroach.
You squeeze the giant cockroach.
You kill the giant cockroach!
You hit the kobold.
You kill the kobold!
Wield which item (- for none, * to show all)? (? for menu, Esc to quit)
b - a +0 blowgun (weapon)
Firing (i - inventory)
c - 63 poisoned needles (quivered)
Press: ? - help, Shift-Dir - straight line, f - leopard gecko
Aim: a leopard gecko (clinging)
You shoot a poisoned needle.
The poisoned needle hits the leopard gecko.
The leopard gecko bites you.
You die...

#♣≈ .. ........ . P. .$.
........ #..♣ #.. .......#
#.. #.# #... ... #. #.# #..#
... #. #K# #..# #.# #.# ##
..#####)###.l###.## #.# #
.%..........@.....# #.#
.#####.###†)###..# #.#
######.###..# #..# #.#
.............# #.(#####.#####
.######.####.###............#
...# #.........†..###.# #.###
######.#####.###.# #. ...#
#...... # ##### #.#####


You could see a leopard gecko.

Vanquished Creatures
  A worm (D:1)
  A leopard gecko (D:1)
  A bat (D:1)
  A giant cockroach (D:1)
  A frilled lizard (D:1)
  3 kobolds (D:1)
  3 rats (D:1)
11 creatures vanquished.

Notes
Turn   | Place    | Note
-------+----------+-------------------------------------------
     0 | D:1      | mrsnowman the Octopode Rogue began the quest for the Orb.
     0 | D:1      | Reached XP level 1. HP: 14/14 MP: 2/2
   175 | D:1      | Reached skill level 6 in Stealth
   175 | D:1      | Reached XP level 2. HP: 19/19 MP: 3/3
   274 | D:1      | Slain by a leopard gecko

Skill      XL: |  1 |
---------------+----+-----
Stealth        | 6 |  6.0
Fighting       | |  2.2
Short Blades   | |  2.0
Dodging        | |  0.9
Spellcasting   | |  0.6
Evocations     | |  2.1

Action                   || total
-------------------------++-------
Melee: Dagger            ||     8
       Tentacles         ||     1
 Fire: Blowgun           ||    18
Armor: Skin              ||     2
Dodge: Dodged            ||    20
